 Dungeon Crawl Stone Soup version 0.24-a0-458-gfcb5e6da0e (webtiles) character file.

Game seed: 9759830699937603844

95 Klosterheim the Conjurer (level 4, -4/33 HPs)
             Began as a Draconian Conjurer on June 26, 2019.
             Splashed by a jelly's acid (6 damage)
             ... on level 2 of the Dungeon.
             The game lasted 00:04:10 (1295 turns).

Klosterheim the Conjurer (Draconian Conjurer)       Turns: 1295, Time: 00:04:11

Health: -4/33      AC:  5    Str: 10    XL:     4   Next: 40%
Magic:  7/7        EV: 13    Int: 17    God:
Gold:   145        SH:  0    Dex: 11    Spells: 7/8 levels left

rFire    . . .     SeeInvis .   c - +0 whip (vamp)
rCold    . . .     Gourm    .   (no shield)
rNeg     . . .     Faith    .   (armour unavailable)
rPois    .         Spirit   .   (helmet restricted)
rElec    .         Reflect  .   (no cloak)
rCorr    .         Harm     .   (no gloves)
MR       .....                  (no boots)
Stlth    ++........             (no amulet)
HPRegen  0.11/turn              (no ring)
MPRegen  0.10/turn              (no ring)

@: no status effects
A: unfitting armour, mutation resistance 1, cold-blooded, AC +5
a: no special abilities


You were on level 2 of the Dungeon.
You were hungry.

You visited 1 branch of the dungeon, and saw 2 of its levels.

You collected 145 gold pieces.

Inventory:

Hand Weapons
 c - a +0 vampiric whip (weapon)
Jewellery
 d - an uncursed amulet of harm {unknown}
 e - an uncursed ring of magical power {unknown}
 g - a +3 ring of strength {unknown}
Wands
 j - a wand of flame (16)
Scrolls
 h - 2 scrolls of enchant weapon
Comestibles
 b - 2 rations


   Skills:
 * Level 2.9 Dodging
 - Level 1.7 Stealth
 + Level 2.6 Spellcasting
 * Level 4.9 Conjurations


You had 7 spell levels left.
You knew the following spells:

 Your Spells              Type           Power        Failure   Level  Hunger
a - Magic Dart            Conj           ###.         2%          1    #......

Your spell library contained the following spells:

 Spells                   Type           Power        Failure   Level  Hunger
 Searing Ray              Conj           ###...       3%          2    ##.....
 Dazzling Spray           Conj/Hex       ##....       21%         3    ###....
 Iskenderun's Mystic Bla  Conj           ###.....     24%         4    #####..
 Force Lance              Conj/Tloc      ##......     54%         4    #####..
 Fulminant Prism          Conj/Hex       ##........   54%         4    #####..


Dungeon Overview and Level Annotations

Branches:
Dungeon (2/15)

Altars:


Innate Abilities, Weirdness & Mutations

Your plain brown scales are hard. (AC +5)
You cannot fit into any form of body armour.
You are cold-blooded and may be slowed by cold attacks.
You are somewhat resistant to further mutation.


Message History

The jelly closely misses you.
Wield which item (- for none, * to show all)? (? for menu, Esc to quit)
Okay, then.
Evoke which item? (* to show all) (? for menu, Esc to quit)
Aiming: Throw Flame
Press: ? - help, Shift-Dir - straight line, f - jelly
Aim: a jelly (moderately wounded)
The puff of flame hits the jelly!
The jelly is heavily wounded.
The jelly barely misses you.
Evoke which item? (* to show all) (? for menu, Esc to quit)
Aiming: Throw Flame
Press: ? - help, Shift-Dir - straight line, f/p - jelly
Aim: a jelly (heavily wounded)
The puff of flame hits the jelly.
The jelly is severely wounded.
The jelly hits you.
* * * LOW HITPOINT WARNING * * *
You are splashed with acid.
You die...

######(.........(#.#
...[(............#)#
...####.##.......#.#
##(########...(..##'P.PPPP
#(##...# ######## #J..÷JJ
##.##.########## ######
...##.##..##.#.# ###
......##.##.#..###.#
##.##[##.#>#<..J@..#
#.##..(.......###########
##.........#.#.# #<.......
....#.##.#.###.###.#######
.##.#.##.#.# #.....# .
#.#.##.#.# #######
#.#.##.#.# ....##.#.#
.#...#.#.#


You could see a jelly.

Vanquished Creatures
  A jelly (D:2)
  An adder (D:2)
  5 oozes (D:2)
  2 dart slugs (D:1)
  A leopard gecko (D:1)
  2 giant cockroaches (D:1)
  3 goblins (D:1)
  2 hobgoblins (D:1)
  10 kobolds
  A ball python (D:1)
  2 bats (D:1)
  A frilled lizard (D:1)
  4 rats (D:1)
35 creatures vanquished.

Vanquished Creatures (others)
  2 fungi (D:2)
  10 toadstools (D:2)
12 creatures vanquished.

Grand Total: 47 creatures vanquished

Notes
Turn   | Place    | Note
-------+----------+-------------------------------------------
     0 | D:1      | Klosterheim the Draconian Conjurer began the quest for the
                  | Orb.
     0 | D:1      | Reached XP level 1. HP: 14/14 MP: 3/3
   169 | D:1      | Reached XP level 2. HP: 20/20 MP: 5/5
  1009 | D:2      | Reached XP level 3. HP: 20/26 MP: 2/6
  1190 | D:2      | Reached XP level 4. HP: 16/33 MP: 5/7
  1272 | D:2      | HP: 1/33 [acid (9)]
  1292 | D:2      | Gained mutation: You are somewhat resistant to further
                  | mutation. [potion of mutation]
  1295 | D:2      | Splashed by a jelly's acid

Levels and vault maps discovered:
D:1:      scummos_arrival_simple_fountains, layout_basic
D:2:      cheibrodos_fertilizer, layout_loops_ring, minivault_5,
          minmay_hedge_maze, minmay_unequal

Skill      XL: |  1 |
---------------+----+-----
Dodging        | 2 |  2.9
Stealth        | |  1.7
Spellcasting   | |  2.6
Conjurations   | |  4.9

Action                   |  1- 3 |  4- 6 || total
-------------------------+-------+-------++-------
Melee: Whip              |   136 |    19 ||   155
       Tailslap          |     6 |     4 ||    10
 Cast: Magic Dart        |    11 |     1 ||    12
Evoke: Wand              |       |     2 ||     2
  Use: Scroll            |       |     1 ||     1
       Potion            |       |     1 ||     1
 Stab: Sleeping          |     2 |       ||     2
  Eat: Chunk             |     1 |       ||     1
Armor: Skin              |    55 |     8 ||    63
Dodge: Dodged            |   102 |    10 ||   112

Table legend:
 A = Non-vault XP
 B = Vault XP
 C = Vault XP percentage of total XP
 D = Non-vault monster count
 E = Vault monster count
 F = Vault count percentage of total count
                 A         B        C        D         E       F
            +---------+---------+-------+---------+---------+-------
      Total |      51 |      86 |  62.8 |      22 |      13 |  37.1
            +---------+---------+-------+---------+---------+-------
        D:1 |      38 |       0 |   0.0 |      21 |       0 |   0.0
        D:2 |      13 |      86 |  86.9 |       1 |      13 |  92.9
            +---------+---------+-------+---------+---------+-------
